 Dungeon Crawl Stone Soup version 0.31-a0-237-g2d982f9f85 (webtiles) character file.

Game seed: 15946945726728334997

35 qw the Shooter (level 3, -3/21 HPs)
             Began as a Gargoyle Hexslinger on July 11, 2023.
             Slain by a worm (8 damage)
             ... on level 2 of the Dungeon.
             The game lasted 00:00:29 (1103 turns).

qw the Shooter (Gargoyle Hexslinger)                Turns: 1103, Time: 00:00:30

Health: -3/21      AC:  7    Str: 11    XL:     3   Next: 33%
Magic:  4/4        EV: 11    Int: 13    God:
Gold:   155        SH:  0    Dex: 14    Spells: 3/4 levels left

rFire   . . .        Y - +1 sling
rCold   . . .        (no shield)
rNeg    + . .        f - +0 leather armour
rPois   inf          (no helmet)
rElec   +            h - +0 cloak
rCorr   .            (no gloves)
SInv    .            (no boots)
Will    .....        (no amulet)
Stlth   +            (no ring)
HPRegen 0.23/turn    (no ring)
MPRegen 0.09/turn

%: no passive effects
@: no status effects
A: sickness immunity, AC +3, negative energy resistance 1, electricity
resistance, torment resistance 1, petrification resistance
a: no special abilities


You were on level 2 of the Dungeon.
You visited 1 branch of the dungeon, and saw 2 of its levels.

You collected 155 gold pieces.


Innate Abilities, Weirdness & Mutations

You are immune to sickness and miasma.
Your stone body is resilient. (AC +3)
You are immune to poison.
You resist negative energy. (rN+)
You are resistant to electric shocks. (rElec)
You are resistant to unholy torment.
You are immune to petrification.


   Skills:
 - Level 2.0 Fighting
 + Level 3.3 Ranged Weapons
 - Level 1.5 Dodging
 - Level 1.0 Spellcasting
 - Level 2.6 Hexes


You had 3 spell levels left.
You knew the following spells:

 Your Spells              Type           Power      Damage    Failure   Level
a - Slow                  Hex            28%        N/A       12%         1

Your spell library contained the following spells:

 Spells                   Type           Power      Damage    Failure   Level
 Inner Flame              Hex/Fire       4%         N/A       54%         3
 Portal Projectile        Hex/Tloc       8%         N/A       54%         3
 Cause Fear               Hex            3%         N/A       77%         4

Inventory:

Hand Weapons
 Y - a +1 sling (weapon)
Armour
 b - a +0 helmet
 f - a +0 leather armour (worn)
 h - a +0 cloak (worn)
Jewellery
 d - an amulet of faith
Scrolls
 e - a scroll of identify
 j - a scroll of blinking {unknown}
 l - a scroll of vulnerability {unknown}
 m - a scroll of acquirement {unknown}
Potions
 a - a potion of curing {unknown}
 c - 2 potions of resistance {unknown}
 g - a potion of ambrosia {unknown}
 i - a potion of brilliance {unknown}
 k - a potion of lignification {unknown}

Dungeon Overview and Level Annotations

Branches:
Dungeon (2/15)

Altars:


Message History

Enter note:
Enter note:
Enter note:
Enter note:
Enter note:
m - a scroll labelled UZAAGE MIEDU
Enter note:
Enter note:
Enter note:
Enter note:
Enter note:
Enter note: A worm comes into view.
Enter note:
Enter note:
Enter note:
Enter note:
Enter note:
Enter note: You shoot a sling bullet.
The sling bullet hits the worm.
The worm is moderately wounded.
The worm bites you.
You shoot a sling bullet. The sling bullet hits the worm.
The worm is moderately wounded.
The worm bites you!
You shoot a sling bullet.
The sling bullet completely misses the worm.
The worm bites you.
You shoot a sling bullet. The sling bullet hits the worm.
The worm is moderately wounded.
The worm barely misses you.
You shoot a sling bullet. The sling bullet hits the worm!
The worm is heavily wounded.
You shoot a sling bullet. The sling bullet hits the worm.
The worm is severely wounded.
The worm barely misses you.
You shoot a sling bullet. The sling bullet hits the worm.
The worm is severely wounded.
The worm bites you!
You die...

#............##########......#
#..########### ##.##..# #..#
## #.##..# #..# .### #.##..#
#..# ..## #.##..# ##..#####
##...# #.##..# ........#
#.##.# #.##..# .....)..# #.#
##w#.#.###.##..###
##.###..###..
#@##.............. ###
#...##.##..#...#.###.#######
#.#.##.######....###.#
#.#.##.# #######..# ###
#.#.##.# #)##### ..# #.#.##.#
#.....# #.# #.#.##.## #####.#
#.# #.#.#.#.## ##### #.####
#.####.#..###.###...# ##.....


You could see a worm.

Vanquished Creatures
  2 dart slugs (D:2)
  6 ball pythons
  2 endoplasms (D:1)
  A giant cockroach (D:1)
  2 goblins (D:1)
  2 hobgoblins
  3 jackals (D:1)
  A kobold (D:2)
  A quokka (D:2)
  2 bats
  3 frilled lizards
  2 rats
27 creatures vanquished.

Notes
Turn   | Place    | Note
-------+----------+-------------------------------------------
     0 | D:1      | qw the Gargoyle Hexslinger began the quest for the Orb.
     0 | D:1      | Reached XP level 1. HP: 12/12 MP: 2/2
     0 | D:1      | 0 ||| qw: Version: 0.3-a-52-g30416fa
     0 | D:1      | 0 ||| qw: Game counter: 5618
     0 | D:1      | 0 ||| qw: Melee chars always use a shield: true
     0 | D:1      | 0 ||| qw: God list: Okawaru
     0 | D:1      | 0 ||| qw: Allow faded altars: false
     0 | D:1      | 0 ||| qw: Do Orc after clearing Dungeon:15 true
     0 | D:1      | 0 ||| qw: Do second Lair branch before Depths: true
     0 | D:1      | 0 ||| qw: Lair rune preference: random
     0 | D:1      | 0 ||| qw: Goals: Normal
     0 | D:1      | 0 ||| PLANNING D:1-11
    84 | D:1      | Reached XP level 2. HP: 16/16 MP: 3/3
   307 | D:1      | Reached skill level 3 in Ranged Weapons
   372 | D:1      | 372 ||| FLEEEEING.
   579 | D:1      | 579 ||| UPGRADING to +0 leather armour.
   589 | D:1      | 589 ||| DROPPING +0 robe.
   590 | D:1      | 590 ||| UPGRADING to +0 cloak.
   595 | D:1      | 595 ||| READING 2 scrolls labelled ORCHUV QISTEV.
   596 | D:1      | 596 ||| READING 2 scrolls labelled RAIXECRICW.
   597 | D:1      | 597 ||| READING scroll labelled SUPNAO SOQASCHI.
   610 | D:1      | 610 ||| READING scroll labelled CISOTE EQAEBACK.
   615 | D:1      | 615 ||| DROPPING scroll of fog.
   616 | D:1      | 616 ||| DROPPING scroll of poison.
   689 | D:2      | Reached XP level 3. HP: 21/21 MP: 4/4
  1099 | D:2      | HP: 3/21 [worm (6)]
  1103 | D:2      | Slain by a worm

Levels and vault maps discovered:
D:1:      evilmike_arrival_hilbert_curve, layout_basic
D:2:      layout_loops_ring, grunt_ministairs_8, minmay_tripent

Skill      XL: |  1  2 |
---------------+-------+-----
Ranged Weapons | 3 |  3.3
Fighting       | 2 |  2.0
Dodging        | |  1.5
Spellcasting   | |  1.0
Hexes          | |  2.6

Action                     || total
---------------------------++-------
   Fire: Sling             ||   111
    Use: Scroll            ||     4
 Armour: Robe              ||    15
         Leather armour    ||     8
  Dodge: Dodged            ||    51

Table legend:
 A = Non-vault XP
 B = Vault XP
 C = Vault XP percentage of total XP
 D = Non-vault monster count
 E = Vault monster count
 F = Vault count percentage of total count
                 A         B        C        D         E       F
            +---------+---------+-------+---------+---------+-------
      Total |      50 |       0 |   0.0 |      27 |       0 |   0.0
            +---------+---------+-------+---------+---------+-------
        D:1 |      30 |       0 |   0.0 |      18 |       0 |   0.0
        D:2 |      20 |       0 |   0.0 |       9 |       0 |   0.0
            +---------+---------+-------+---------+---------+-------
